 Dungeon Sprint DCSS version 0.17-a0-1450-g7e755d1 (webtiles) character file.

22876 pulse the Shatterer (level 13, -10/88 HPs)
             Began as a Gargoyle Fighter on June 30, 2015.
             Was the Champion of Qazlal.
             Mangled by an entropy weaver (16 damage)
             ... in the Dungeon (Sprint IX: "|||||||||||||||||||||||||||||").
             The game lasted 00:16:47 (4692 turns).

pulse the Shatterer (Gargoyle Fighter)              Turns: 4692, Time: 00:16:47

Health: -10/88     AC:  0    Str: 22    XL:     13   Next: 3%
Magic:  20/20      EV: 11    Int: 11    God:    Qazlal [******]
Gold:   1135       SH: 21    Dex: 10    Spells: 0 memorised, 12 levels left

rFire  . . .     SeeInvis .     f - +2 morningstar of Chaos {crush, MR++}
rCold  + . .     Clarity  .     E - +1 ice dragon armour
rNeg   + . .     SustAt   .     c - +0 shield
rPois  ∞         Gourm    .     z - +0 helmet
rElec  +         Spirit   .     k - +1 cloak
rCorr  .         Warding  .     q - +0 pair of gloves
rMut   .         NoTele   +     l - +1 pair of boots
MR     ++...                    (no amulet)
Stlth  +.........               s - +2 ring of protection
                                a - ring of fire

@: exhausted, protected from physical damage, corroded equipment, slowed, repel
missiles, very slow, very resistant to hostile enchantments, very unstealthy
A: negative energy resistance 1, electricity resistance, unbreathing,
petrification resistance, rot immunity, AC +9
a: Upheaval, Elemental Force, Disaster Area, Renounce Religion


You were in the Dungeon.
You worshipped Qazlal.
Qazlal was exalted by your worship.
You were not hungry.

You visited 1 branch You collected 1927 gold pieces.
You spent 792 gold pieces at shops.

Inventory:

Hand weapons
 f - the +2 morningstar of Chaos (weapon) {crush, MR++}
   (You bought it in a shop in the Dungeon)

   It inflicts extra damage upon your enemies.
   It affects your resistance to hostile enchantments.
Armour
 c - a +0 shield (worn)
 h - a +2 plate armour of poison resistance
 k - a +1 cloak (worn)
 l - a +1 pair of boots (worn)
 q - a +0 pair of gloves (worn)
 z - a +0 helmet (worn)
 D - a +1 fire dragon armour
 E - a +1 ice dragon armour (worn)
Jewellery
 a - a ring of fire (left hand)
 s - a +2 ring of protection (right hand)
 t - a +2 ring of evasion
Magical devices
 o - a wand of cold (0)
Scrolls
 d - a scroll of identify
 g - a scroll of magic mapping {unknown}
 m - 4 scrolls of remove curse
 n - 2 scrolls of amnesia
 p - 2 scrolls of enchant weapon
 v - a scroll of fog
 C - 4 scrolls of blinking
Potions
 b - 3 potions of cure mutation
 i - 4 potions of magic
 j - a potion of cancellation
 B - a potion of haste
Comestibles
 e - 12 bread rations
 w - 39 fruits
 x - 10 meat rations


   Skills:
 + Level 13.3 Fighting
 * Level 22.3 Maces & Flails
 + Level 10.8 Armour
 - Level 4.6 Dodging
 + Level 4.6 Stealth
 + Level 14.3 Shields
 * Level 9.5 Invocations
 - Level 1.5 Evocations


You had 12 spell levels left.
You didn't know any spells.

Dungeon Overview and Level Annotations

Branches:
Dungeon (1/1)

Altars:
Cheibriados
Dithmenos
Elyvilon
Fedhas
Gozag
Kikubaaqudgha
Makhleb
Nemelex Xobeh
Okawaru
Qazlal
Ru
Sif Muna
Trog
Vehumet
Xom
Yredelemnul
Zin
The Shining One
Beogh
Jiyva
Lugonu

Shops:
D ::*(


Innate Abilities, Weirdness & Mutations

You are resistant to torment.
Your stone body is resilient (AC +9).
You are immune to poison.
You resist negative energy.
You are resistant to electric shocks.
You can survive without breathing.
You are immune to petrification.
You are immune to rotting.


Message History

You feel more protected from physical attacks.
You block the entropy weaver's attack. x2
The entropy weaver hits you!
* * * LOW HITPOINT WARNING * * *
You are too injured to fight recklessly!
You are too injured to fight recklessly!
You are too injured to fight recklessly!
You are too injured to fight recklessly!
You are too injured to fight recklessly!
You hit the entropy weaver.
The entropy weaver is heavily wounded.
You block the entropy weaver's attack. x2
The entropy weaver hits you!
* * * LOW HITPOINT WARNING * * *
You block the entropy weaver's attack.
Unknown command.
You block the entropy weaver's attack. The entropy weaver hits you.
* * * LOW HITPOINT WARNING * * *
You block the entropy weaver's attack. The entropy weaver hits you!
You die...

▓▓▓▓▓▓▓▓▓▓▓▓▓▓▓▓▓▓▓▓▓▓▓▓▓▓▓▓▓▓▓▓▓
...'===..)))))))@pCl.[...[.c.cp..
▓▓▓▓▓▓▓▓▓▓▓▓▓▓▓▓▓▓▓▓▓▓▓▓▓▓▓▓▓▓▓▓▓
.................................
▓▓▓▓▓▓▓▓▓▓▓▓▓▓▓▓▓▓▓▓▓▓▓▓▓▓▓▓▓▓▓▓▓
..)..).))))....)())))')).........
▓▓▓▓▓▓▓▓▓▓▓▓▓▓▓▓▓▓▓▓▓▓▓▓▓▓▓▓▓▓▓▓▓
.........)...)...)...............
▓▓▓▓▓▓▓▓▓▓▓▓▓▓▓▓▓▓▓▓▓▓▓▓▓▓▓▓▓▓▓▓▓
.'...........†.††........'÷...÷.÷


You could see a stone giant, an entropy weaver and a komodo dragon shaped
shifter.

Vanquished Creatures
  A sphinx (D)
  A fire giant (D)
  A dire elephant (D)
  A hydra (D)
  2 centaur warriors (D)
  8 orc high priests (D)
  A hill giant (D)
  6 orc knights (D)
  4 cyclopes (D)
  2 orc sorcerers (D)
  7 elephants (D)
  3 spiny frogs (D)
  2 black mambas (D)
  2 komodo dragons (D)
  A slime creature (D)
  A blink frog (D)
  A yak (D)
  2 vampires (D)
  A wraith (D)
  A hippogriff (D)
  3 porcupines (D)
  A sky beast (D)
  8 orc warriors (D)
  A giant frog (D)
  A crocodile (D)
  A killer bee (D)
  A wight (D)
  A crimson imp (D)
  6 orc priests (D)
  3 orc wizards (D)
  A sheep (D)
  2 river rats (D)
  An adder (D)
  4 orcs (D)
  A giant cockroach (D)
  A goblin (D)
  3 hobgoblins (D)
  A quokka (D)
  2 giant geckos (D)
  A jackal zombie (D)
  A quokka zombie (D)
  4 rats (D)
96 creatures vanquished.

Vanquished Creatures (others)
  An orc wizard (D)
1 creature vanquished.

Grand Total: 97 creatures vanquished

Notes
Turn   | Place    | Note
--------------------------------------------------------------
     0 | D        | pulse the Gargoyle Fighter began the quest for the Orb.
     0 | D        | Reached XP level 1. HP: 14/14 MP: 1/1
   151 | D        | Noticed a crimson imp
   157 | D        | Killed a crimson imp
   157 | D        | Reached skill level 5 in Fighting
   157 | D        | Reached skill level 5 in Shields
   157 | D        | Reached XP level 2. HP: 11/21 MP: 2/2
   157 | D        | Reached XP level 3. HP: 13/26 MP: 3/3
   161 | D        | Reached skill level 5 in Armour
   327 | D        | Found a glowing silver altar of Zin.
   327 | D        | Found a glowing golden altar of the Shining One.
   327 | D        | Found an ancient bone altar of Kikubaaqudgha.
   327 | D        | Found a basalt altar of Yredelemnul.
   327 | D        | Found a shimmering altar of Xom.
   327 | D        | Found a radiant altar of Vehumet.
   328 | D        | Found an iron altar of Okawaru.
   329 | D        | Found a burning altar of Makhleb.
   330 | D        | Found a deep blue altar of Sif Muna.
   331 | D        | Found a bloodstained altar of Trog.
   332 | D        | Found a sparkling altar of Nemelex Xobeh.
   333 | D        | Found a white marble altar of Elyvilon.
   334 | D        | Found a roughly hewn altar of Beogh.
   335 | D        | Found a viscous altar of Jiyva.
   336 | D        | Found a corrupted altar of Lugonu.
   337 | D        | Found a blossoming altar of Fedhas.
   338 | D        | Found a snail-covered altar of Cheibriados.
   339 | D        | Found a shadowy altar of Dithmenos.
   340 | D        | Found a stormy altar of Qazlal.
   341 | D        | Found an opulent altar of Gozag.
   342 | D        | Found a sacrificial altar of Ru.
   348 | D        | Became a worshipper of Qazlal Stormbringer
   370 | D        | Noticed a wraith
   371 | D        | Reached skill level 1 in Dodging
   371 | D        | Acquired Qazlal's first power
   381 | D        | Killed a wraith
   381 | D        | Reached skill level 7 in Fighting
   381 | D        | Reached XP level 4. HP: 20/34 MP: 4/4
   381 | D        | Reached XP level 5. HP: 22/38 MP: 5/5
   385 | D        | Acquired Qazlal's second power
   392 | D        | Noticed a sky beast
   392 | D        | Noticed a giant frog
   392 | D        | Noticed a cyclops
   392 | D        | Noticed a cyclops
   392 | D        | Noticed a killer bee
   396 | D        | Killed a sky beast
   396 | D        | Reached skill level 8 in Fighting
   396 | D        | Reached skill level 5 in Maces & Flails
   396 | D        | Reached XP level 6. HP: 27/44 MP: 6/6
   399 | D        | Killed a giant frog
   400 | D        | Killed a cyclops
   400 | D        | Reached skill level 10 in Fighting
   400 | D        | Reached skill level 1 in Evocations
   400 | D        | Reached XP level 7. HP: 30/52 MP: 7/7
   400 | D        | Killed a cyclops
   400 | D        | Acquired Qazlal's third power
   400 | D        | Reached XP level 8. HP: 33/59 MP: 7/9
   400 | D        | Reached skill level 10 in Shields
   405 | D        | Killed a killer bee
   405 | D        | Reached skill level 10 in Armour
   730 | D        | Noticed a spiny frog
   730 | D        | Noticed a porcupine
   730 | D        | Noticed a porcupine
   730 | D        | Noticed a black mamba
   730 | D        | Noticed a blink frog
   730 | D        | Noticed a spiny frog
   732 | D        | Noticed a yak
   742 | D        | Noticed a crocodile
   742 | D        | Killed a spiny frog
   744 | D        | Noticed a komodo dragon
   746 | D        | Killed a blink frog
   746 | D        | Acquired Qazlal's fourth power
   746 | D        | Reached skill level 10 in Maces & Flails
   746 | D        | Reached XP level 9. HP: 22/63 MP: 10/10
   752 | D        | Killed a porcupine
   752 | D        | Reached skill level 11 in Maces & Flails
   752 | D        | Killed a porcupine
   753 | D        | Killed a black mamba
   753 | D        | Reached skill level 12 in Maces & Flails
   782 | D        | Killed a spiny frog
   782 | D        | Reached skill level 13 in Maces & Flails
   790 | D        | Killed a yak
   799 | D        | Killed a crocodile
   799 | D        | Acquired Qazlal's fifth power
   807 | D        | Killed a komodo dragon
   807 | D        | Reached skill level 14 in Maces & Flails
   971 | D        | Noticed a komodo dragon
   971 | D        | Noticed a black mamba
   971 | D        | Noticed a spiny frog
   971 | D        | Noticed a porcupine
   976 | D        | Noticed a seven-headed hydra
   978 | D        | Noticed a hippogriff
   983 | D        | Killed a komodo dragon
   998 | D        | Killed a seven-headed hydra
   998 | D        | Reached skill level 15 in Maces & Flails
   998 | D        | Reached skill level 1 in Stealth
   998 | D        | Reached XP level 10. HP: 68/68 MP: 11/11
  1001 | D        | Killed a black mamba
  1001 | D        | Reached skill level 16 in Maces & Flails
  1005 | D        | Killed a spiny frog
  1011 | D        | Killed a porcupine
  1026 | D        | Killed a hippogriff
  1026 | D        | Reached skill level 17 in Maces & Flails
  1124 | D        | Noticed an elephant
  1124 | D        | Noticed an elephant
  1124 | D        | Noticed an elephant
  1124 | D        | Noticed a dire elephant
  1124 | D        | Noticed an elephant
  1124 | D        | Noticed an elephant
  1134 | D        | Noticed an elephant
  1142 | D        | Killed a dire elephant
  1143 | D        | Killed an elephant
  1143 | D        | Reached skill level 18 in Maces & Flails
  1150 | D        | Killed an elephant
  1157 | D        | Killed an elephant
  1157 | D        | Reached XP level 11. HP: 24/73 MP: 12/12
  1167 | D        | Noticed an elephant
  1169 | D        | Killed an elephant
  1182 | D        | Killed an elephant
  1182 | D        | Reached skill level 19 in Maces & Flails
  1198 | D        | Killed an elephant
  1210 | D        | Killed an elephant
  1613 | D        | Noticed an orc priest
  1613 | D        | Noticed an orc wizard
  1613 | D        | Noticed an orc priest
  1613 | D        | Noticed an orc wizard
  1613 | D        | Noticed an orc sorcerer
  1614 | D        | Killed an orc wizard
  1619 | D        | Killed an orc priest
  1621 | D        | Killed an orc priest
  1623 | D        | Noticed an orc wizard
  1643 | D        | Noticed an orc priest
  1648 | D        | Noticed an orc priest
  1655 | D        | Killed an orc sorcerer
  1655 | D        | Reached skill level 1 in Invocations
  1661 | D        | Killed an orc wizard
  1662 | D        | Noticed an orc priest
  1665 | D        | Killed an orc wizard
  1674 | D        | Killed an orc priest
  1677 | D        | Killed an orc priest
  1679 | D        | Killed an orc priest
  1684 | D        | Noticed an orc priest
  1689 | D        | Killed an orc priest
  1973 | D        | Noticed an orc warrior
  1973 | D        | Noticed an orc warrior
  1973 | D        | Noticed an orc warrior
  1973 | D        | Noticed an orc warrior
  1973 | D        | Noticed an orc warrior
  1975 | D        | Noticed an orc sorcerer
  1978 | D        | Killed an orc warrior
  1980 | D        | Killed an orc warrior
  1983 | D        | Noticed an orc warrior
  1988 | D        | Killed an orc warrior
  1988 | D        | Reached skill level 20 in Maces & Flails
  1990 | D        | Noticed an orc warrior
  1992 | D        | Noticed an orc knight
  2009 | D        | Noticed an orc warrior
  2012 | D        | Paralysed by an orc sorcerer for 4 turns
  2027 | D        | Paralysed by an orc sorcerer for 6 turns
  2043 | D        | Killed an orc sorcerer
  2064 | D        | Killed an orc knight
  2067 | D        | Killed an orc warrior
  2071 | D        | Killed an orc warrior
  2075 | D        | Killed an orc warrior
  2082 | D        | Noticed an orc wizard
  2088 | D        | Killed an orc warrior
  2103 | D        | Killed an orc warrior
  2111 | D        | Killed an orc wizard
  2316 | D        | Found Faissurch's Book Emporium.
  2316 | D        | Noticed an orc high priest
  2316 | D        | Noticed an orc knight
  2316 | D        | Noticed an orc high priest
  2316 | D        | Noticed an orc high priest
  2316 | D        | Noticed an orc knight
  2318 | D        | Noticed an orc knight
  2321 | D        | Noticed an orc high priest
  2324 | D        | Killed an orc high priest
  2325 | D        | Noticed an orc high priest
  2338 | D        | Killed an orc knight
  2345 | D        | Killed an orc high priest
  2371 | D        | Killed an orc high priest
  2371 | D        | Reached skill level 5 in Invocations
  2371 | D        | Killed an orc knight
  2371 | D        | Reached XP level 12. HP: 38/81 MP: 7/16
  2371 | D        | Killed an orc knight
  2373 | D        | Found Apuoni's Book Shoppe.
  2378 | D        | Noticed an orc high priest
  2379 | D        | Found Waserait's Assorted Antiques.
  2380 | D        | Noticed an orc high priest
  2788 | D        | Killed an orc high priest
  2788 | D        | Reached skill level 21 in Maces & Flails
  2817 | D        | Killed an orc high priest
  2971 | D        | Killed an orc high priest
  3017 | D        | Noticed an orc knight
  3021 | D        | Noticed an orc high priest
  3485 | D        | Killed an orc knight
  3541 | D        | Killed an orc high priest
  3563 | D        | Killed an orc high priest
  3575 | D        | Noticed an orc knight
  3943 | D        | Killed an orc knight
  4214 | D        | Found Nyhir's Antique Weapon Shoppe.
  4223 | D        | Bought a steaming morningstar for 216 gold pieces
  4225 | D        | Bought a scroll labeled LIMUPR BAMO for 24 gold pieces
  4225 | D        | Bought a runed plate armour for 552 gold pieces
  4225 | D        | Identified the +2 morningstar of Chaos {crush, MR++} (You bought it in a shop in the Dungeon)
  4545 | D        | Noticed a hill giant
  4545 | D        | Noticed a cyclops
  4545 | D        | Noticed a cyclops
  4545 | D        | Noticed a wight
  4545 | D        | Noticed a centaur warrior
  4545 | D        | Noticed a slime creature
  4552 | D        | Noticed a vampire
  4555 | D        | Killed a hill giant
  4556 | D        | Noticed a vampire
  4560 | D        | Killed a cyclops
  4561 | D        | Noticed a sphinx
  4564 | D        | Killed a cyclops
  4569 | D        | Noticed a fire giant
  4569 | D        | Killed a centaur warrior
  4570 | D        | Noticed a centaur warrior
  4577 | D        | Killed a slime creature
  4578 | D        | Noticed an entropy weaver
  4583 | D        | Killed a wight
  4589 | D        | Noticed a stone giant
  4624 | D        | Killed a vampire
  4648 | D        | Killed a vampire
  4654 | D        | Killed a sphinx
  4654 | D        | Reached skill level 22 in Maces & Flails
  4666 | D        | Killed a fire giant
  4681 | D        | Killed a centaur warrior
  4681 | D        | Reached XP level 13. HP: 51/88 MP: 20/20
  4692 | D        | Mangled by an entropy weaver

Vault maps used:
D:        linesprint

Action                   |  1- 3 |  4- 6 |  7- 9 | 10-12 | 13-15 || total
-------------------------+-------+-------+-------+-------+-------++-------
Melee: Flail             |    43 |     8 |    83 |   509 |       ||   643
       Morningstar       |       |       |       |   100 |    10 ||   110
Invok: Upheaval          |       |       |       |     2 |       ||     2
       Disaster Area     |       |       |       |     2 |       ||     2
Evoke: Wand              |     1 |     3 |     3 |    14 |       ||    21
  Use: Potion            |     1 |       |     3 |    16 |       ||    20
       Scroll            |       |       |       |     5 |       ||     5
 Stab: Invisible         |       |       |       |     4 |       ||     4
  Eat: Chunk             |       |       |       |     2 |       ||     2
       Meat ration       |       |       |       |     2 |       ||     2
       Fruit             |       |       |       |     1 |       ||     1
       Bread ration      |       |       |       |     1 |       ||     1
